AoeStats
← w2k8m1w2762

Black Forest

505852390Analyzed
4v4 RM · 21d ago on Sep 11, 2026· 47m 3s· 8 players
Game mode
Random Map
Map size
Large (8 player)
Population
200
Speed
Normal
Resources
Standard
Victory
Conquest
Starting age
Dark Age
Ending age
Imperial Age
RankedLock teamsTeams togetherTeam positionsShared explorationLock speedFull tech treeHidden civsTurbo modeCheats
Victory
Defeat
🇨🇳 Koreans · China
1020
+13
🇹🇼 Khmer · Taiwan
998
+13
🇦🇷 Franks · Argentina
954
+15
🇯🇵 Mongols · Japan
925
+16
🇨🇳 Turks · China
1093
-20
🇦🇺 Bohemians · Australia
1037
-17
🇨🇳 Spanish · China
844
-11
🇹🇷 Khmer · Türkiye
788
-9
平凡自在
1:19 Loom
13:35 Feudal Age
17:20 Castle Age
16:39 Wheelbarrow
15:47 Horse Collar
17:08 Double-Bit Axe
17:44 Town Watch
18:22 Heavy Plow
18:45 Bow Saw
23:50 Gold Mining
23:51 Stone Mining
25:51 Hand Cart
29:40 Imperial Age
27:56 Caravan
28:57 Stone Shaft Mining
29:00 Gold Shaft Mining
30:19 Town Patrol
31:02 Husbandry
31:13 Bloodlines
31:42 Crop Rotation
31:04 Elite Ballista Elephant
32:04 Conscription
33:24 Double Crossbow
33:51 Ballistics
34:46 Chemistry
35:02 Siege Engineers
36:38 Tusk Swords
36:49 Scale Barding Armor
36:56 Forging
38:20 Elite Battle Elephant
yitxdiku
0:28 Loom
12:46 Feudal Age
13:56 Double-Bit Axe
16:52 Castle Age
15:14 Horse Collar
17:43 Wheelbarrow
18:09 Bow Saw
18:41 Heavy Plow
23:47 Gold Mining
25:32 Hand Cart
25:03 Town Watch
26:11 Gold Shaft Mining
27:06 Stone Mining
30:47 Imperial Age
29:04 Stone Shaft Mining
30:13 Fortified Wall
30:07 Gambesons
30:38 Forging
30:29 Scale Mail Armor
30:43 Masonry
32:29 Chemistry
31:13 Treadmill Crane
31:04 Elite Fire Lancer
31:45 Squires
32:24 Iron Casting
33:01 Conscription
33:58 Two-Man Saw
33:31 Chain Mail Armor
33:07 Fletching
35:35 Plate Mail Armor
35:01 Bodkin Arrow
35:39 Guilds
36:03 Ballistics
35:27 Man-at-Arms
35:53 Arson
37:40 Shinkichon
38:08 Elite War Wagon
40:03 Architecture
40:31 Caravan
40:46 Elite Skirmisher
42:34 Siege Engineers
42:31 Bracer
45:10 Heavy Rocket Cart
白馬义从
1:01 Loom
12:04 Feudal Age
15:07 Double-Bit Axe
19:03 Castle Age
17:50 Stone Mining
19:00 Gold Mining
20:22 Bow Saw
22:14 Gold Shaft Mining
29:55 Wheelbarrow
29:09 Town Watch
30:29 Scale Barding Armor
32:36 Forging
32:47 Chain Barding Armor
34:11 Husbandry
38:18 Imperial Age
38:51 Iron Casting
38:53 Cavalier
42:44 Chemistry
44:53 Blast Furnace
44:19 Elite Skirmisher
47:23 Scale Mail Armor
missahmiccy
1:09 Loom
13:50 Feudal Age
14:23 Double-Bit Axe
14:20 Horse Collar
14:33 Gold Mining
14:33 Stone Mining
15:26 Wheelbarrow
20:34 Castle Age
21:42 Bow Saw
26:35 Town Watch
27:08 Hand Cart
28:32 Heavy Plow
29:23 Town Patrol
30:48 Ballistics
31:11 Light Cavalry
32:02 Bloodlines
31:52 Husbandry
32:00 Scale Barding Armor
32:05 Forging
31:46 Fletching
31:56 Padded Archer Armor
35:04 Gold Shaft Mining
35:14 Stone Shaft Mining
37:35 Imperial Age
35:17 Masonry
35:04 Murder Holes
35:20 Fortified Wall
38:39 Conscription
38:09 Elite Mangudai
38:57 Hussar
40:00 Chain Barding Armor
42:48 Chemistry
41:45 Bodkin Arrow
42:05 Leather Archer Armor
42:26 Iron Casting
41:58 Thumb Ring
42:19 Parthian Tactics
42:43 Nomads
43:22 Hoardings
45:55 Capped Ram
zh56956
13:04 Feudal Age
13:47 Double-Bit Axe
13:45 Horse Collar
19:45 Castle Age
20:52 Bow Saw
32:53 Loom
TikishTakush
0:35 Loom
13:41 Feudal Age
14:37 Double-Bit Axe
18:11 Castle Age
16:22 Horse Collar
20:12 Bow Saw
20:24 Heavy Plow
27:14 Wheelbarrow
31:50 Imperial Age
30:28 Fervor
31:22 Chemistry
30:36 Masonry
32:16 Wagenburg Tactics
32:32 Hand Cart
32:42 Ballistics
32:05 Treadmill Crane
31:48 Pikeman
32:29 Squires
33:15 Conscription
33:31 Forging
33:21 Scale Mail Armor
33:41 Halberdier
34:14 Houfnice
35:30 Architecture
35:04 Arson
35:26 Elite Skirmisher
35:40 Elite Hussite Wagon
39:19 Two-Man Saw
38:52 Padded Archer Armor
39:28 Iron Casting
39:08 Chain Mail Armor
42:00 Fletching
43:10 Blast Furnace
42:41 Plate Mail Armor
43:00 Siege Engineers
42:51 Murder Holes
Allspark
1:47 Loom
1:53 Loom
13:18 Feudal Age
18:51 Castle Age
17:10 Stone Mining
28:12 Stone Shaft Mining
29:32 Bloodlines
34:33 Imperial Age
32:43 Wheelbarrow
34:41 Light Cavalry
35:23 Husbandry
35:50 Fletching
37:06 Bodkin Arrow
37:59 Murder Holes
38:25 Ballistics
39:05 Chemistry
w2k8m1w2762
1:32 Loom
12:48 Feudal Age
18:45 Castle Age
17:21 Double-Bit Axe
17:21 Horse Collar
17:54 Gold Mining
17:56 Stone Mining
21:26 Wheelbarrow
21:05 Bow Saw
22:27 Heavy Plow
31:11 Imperial Age
28:32 Town Watch
29:29 Hand Cart
30:17 Treadmill Crane
30:34 Murder Holes
30:33 Fletching
30:54 Forging
30:46 Padded Archer Armor
30:52 Scale Barding Armor
31:35 Bodkin Arrow
32:04 Ballistics
32:07 Masonry
34:01 Two-Man Saw
33:41 Iron Casting
33:22 Leather Archer Armor
34:28 Gold Shaft Mining
34:15 Chain Barding Armor
34:34 Architecture
34:31 Bloodlines
34:22 Husbandry
33:43 Heavy Camel Rider
35:26 Artillery
34:48 Elite Janissary
35:49 Conscription
37:18 Town Patrol
39:23 Plate Barding Armor
39:49 Blast Furnace
39:20 Ring Archer Armor
38:53 Bracer
39:17 Bombard Tower
38:44 Arrowslits
39:10 Fortified Wall
Connection lost

Rejoining the realm…

Still unreachable

The connection could not be restored.

Session expired

The server has moved on; the page needs a fresh start.